 Dungeon Crawl Stone Soup version 0.19-a0-1401-g902f63d (webtiles) character file.

413 Amnesiac the Skirmisher (level 6, -1/51 HPs)
             Began as a Mummy Wanderer on Sept 4, 2016.
             Slain by a centaur (7 damage)
             ... on level 5 of the Dungeon.
             The game lasted 00:03:50 (2311 turns).

Amnesiac the Skirmisher (Mummy Wanderer)            Turns: 2311, Time: 00:03:50

Health: -1/51      AC:  4    Str: 16    XL:     6   Next: 59%
Magic:  12/12      EV: 11    Int: 12    God:
Gold:   123        SH:  4    Dex: 12    Spells: 0 memorised, 14 levels left

rFire  + . .     SeeInvis .     a - +2 spear
rCold  + . .     Gourm    .     m - +2 robe {rF+}
rNeg   + + +     Faith    .     g - +0 buckler
rPois  ∞         Spirit   .     (no helmet)
rElec  .         Dismiss  .     (no cloak)
rCorr  .         Reflect  .     (no gloves)
MR     .....     Harm     .     (no boots)
Stlth  ++........               l - amulet of rage
                                j - ring of protection from fire
                                f - +3 ring of slaying

@: no status effects
A: no food or potions, fire vulnerability, cold resistance 1, negative energy
resistance 3, torment resistance, unbreathing
a: no special abilities


You were on level 5 of the Dungeon.
You were not hungry.

You visited 1 branch of the dungeon, and saw 5 of its levels.

You collected 123 gold pieces.

Inventory:

Hand Weapons
 a - a +2 spear (weapon)
 c - a cursed -2 short sword
 d - a +0 dagger
Missiles
 e - 8 curare-tipped needles
Armour
 g - a +0 buckler (worn)
 m - a +2 robe of fire resistance (worn)
Jewellery
 f - a +3 ring of slaying (left hand)
 j - a ring of protection from fire (right hand)
 l - an amulet of rage (around neck)
Scrolls
 b - 3 scrolls of teleportation
 i - a scroll of identify {unknown}
 k - a scroll of enchant weapon {unknown}
 n - 3 scrolls of remove curse {unknown}


   Skills:
 - Level 5.0 Fighting
 - Level 1.0 Throwing
 - Level 1.0 Dodging
 - Level 1.5 Stealth
 + Level 3.4 Shields
 - Level 4.5 Spellcasting
 - Level 1.0 Evocations


You had 14 spell levels left.
You didn't know any spells.

Dungeon Overview and Level Annotations

Branches:
Dungeon (5/15)
 Temple: D:4-7

Altars:


Innate Abilities, Weirdness & Mutations

You do not eat or drink.
Your flesh is vulnerable to fire.
You are immune to poison.
Your flesh is cold resistant. (rC+)
You are immune to negative energy. (rN+++)
You are immune to unholy pain and torment.
You can survive without breathing.


Message History

Unknown command.
Okay, then.
Evoke which item? (* to show all) (? for menu, Esc to quit)
Okay, then.
You hit the centaur.
The centaur is severely wounded.
You block the centaur's attack.
The centaur hits you but does no damage.
Unknown command.
You can't drink.
Unknown command.
You barely miss the centaur.
The centaur is severely wounded.
The centaur hits you but does no damage.
Okay, then.
As you read the scroll labeled RIMASI GYETUERCH, it crumbles to dust.
It is a scroll of amnesia.
You feel forgetful for a moment. The centaur barely misses you.
The centaur hits you!
You die... ### ##..........# #.. ........... # # #.# ......... .#. #.# ....... #.# #.# ..... #.# #(# hZh

#.# ####.#### #h# ####.####
##.....†.# #c# #.......#
##.#.#.##.# #@# #.##.##.#
#.###..# # ##'## #.##.##.##
##†#.### ##...###)##.....#
#...<..# # ##.%...##.#####..#
##...#.##.# #.......#†####...#
###.....#.##.................#
...........+.................####
#####...####.........####.......#
##.######.......## #..#.##.#


You could see a centaur, 3 jackals and a jackal skeleton.

Vanquished Creatures
  A sky beast (D:5)
  Blork the orc (D:4)
  A scorpion (D:4)
  2 howler monkeys
  A hound (D:5)
  A worker ant (D:5)
  A hound skeleton (D:4)
  3 adders
  An adder skeleton (D:4)
  3 worms
  A giant gecko (D:4)
  An orc (D:3)
  2 bats (D:3)
  A giant cockroach (D:4)
  2 goblins
  6 hobgoblins
  A jackal (D:5)
  A quokka (D:5)
  4 giant newts
  4 rats
38 creatures vanquished.

Notes
Turn   | Place    | Note
-------+----------+-------------------------------------------
     0 | D:1      | Amnesiac the Mummy Wanderer began the quest for the Orb.
     0 | D:1      | Amnesiac set off with: a +2 spear, 2 scrolls of teleportation, a +0 robe, a +0 dagger
     0 | D:1      | Reached XP level 1. HP: 21/21 MP: 1/1
    19 | D:1      | Reached skill level 1 in Spellcasting
   153 | D:2      | Reached XP level 2. HP: 25/27 MP: 2/4
   398 | D:3      | Reached XP level 3. HP: 11/33 MP: 6/6
  1078 | D:4      | Noticed an ogre
  1121 | D:3      | Reached XP level 4. HP: 16/39 MP: 7/9
  1399 | D:4      | Noticed Blork the orc
  1434 | D:4      | Killed Blork the orc
  1434 | D:4      | Reached XP level 5. HP: 31/44 MP: 9/11
  1610 | D:4      | Reached skill level 1 in Shields
  1992 | D:5      | Entered Level 5 of the Dungeon
  1996 | D:5      | Noticed a sky beast
  2037 | D:5      | Killed a sky beast
  2037 | D:5      | Reached XP level 6. HP: 23/51 MP: 12/12
  2311 | D:5      | Slain by a centaur

Vault maps used:
D:1:      roderic_chinese_lattice_arrival, st_stairs_14
D:2:      old_standard_altar, gammafunk_temple_overflow_elements, uniq_robin
D:3:      kennysheep_big_flooded_room, yredelemnul_altar_generic, first_bread
D:4:      uniq_blork_the_orc
D:5:      basic_altar

Skill      XL: |  1  2  3  4  5  6 |
---------------+-------------------+-----
Spellcasting   | 1 2 3 4 |  4.5
Shields        | 2 3 |  3.4
Fighting       | |  5.0
Throwing       | |  1.0
Dodging        | |  1.0
Stealth        | |  1.5
Evocations     | |  1.0

Action                   |  1- 3 |  4- 6 || total
-------------------------+-------+-------++-------
Melee: Spear             |    77 |    94 ||   171
  Use: Scroll            |       |     1 ||     1
 Stab: Sleeping          |     1 |       ||     1
Armor: Robe              |     3 |    25 ||    28
Dodge: Dodged            |    26 |    42 ||    68
Block: Buckler           |       |    17 ||    17
